Map: Triton LE

Players

Traeel

  • Race: Zerg Zerg
  • Spawn Location: 11:00

OldGreg - Winner!

  • Race: Protoss Protoss
  • League: Master
  • Spawn Location: 5:00

VOD

Have the link to the VOD?

Description

Time

  • Played on: Feb. 10, 2020, 10:27 p.m.
  • Length: 7:51
Show
View Real Time Build Order
Export as new Build Order

Traeel Zerg 

Build Orders: Pool First 

Get SALT Encoding   

  12  0:03  Drone  
  13  0:15  Overlord  
  13  0:20  Drone  
  14  0:35  Spawning Pool  
  14  0:38  Drone  
  14  0:59  Drone x2  
  14  1:00  Drone  
  17  1:08  Extractor  
  16  1:14  Overlord  
  16  1:22  Zergling x2  
  17  1:31  Queen  
  17  1:32  Zergling x2  
  20  1:47  Roach Warren  
  20  1:51  Spine Crawler, Zergling x2  
  19  1:57  Zergling x2  
  20  2:08  Metabolic Boost  
  20  2:12  Zergling x2  
  21  2:19  Extractor  
  20  2:23  Drone  
  20  2:25  Queen  
  23  2:33  Roach  
  25  2:38  Zergling x2  
  25  2:53  Roach  
  27  2:59  Drone  
  27  3:00  Drone  
  29  3:11  Overlord  
  29  3:12  Overlord  
  29  3:29  Roach x2  
  31  3:52  Roach x3  
  32  4:03  Roach x3  
  36  4:16  Drone  
  33  4:37  Zergling x4  
  35  4:49  Zergling x6  
  35  4:50  Hatchery  
  37  5:00  Drone  
  38  5:17  Overlord x2  
  35  5:40  Lair  
  33  5:47  Roach x3  
  35  5:56  Drone x3  
  38  6:06  Zergling x2  
  41  6:11  Roach  
  41  6:22  Drone  
  41  6:23  Drone x3  
  45  6:35  Drone  
  46  6:44  Hydralisk Den  
  45  7:02  Hatchery  
  42  7:11  Spore Crawler  
  42  7:13  Spore Crawler  
  42  7:14  Spore Crawler  
Show
View Real Time Build Order
Export as new Build Order

OldGreg Protoss - Winner!

Build Orders: Cannon Rush 

Get SALT Encoding   

  12  0:04  Probe (Chrono Boost)  
  14  0:14  Probe (Chrono Boost)  
  14  0:18  Pylon  
  14  0:20  Probe  
  15  0:36  Probe  
  16  0:43  Gateway  
  16  0:51  Forge  
  16  1:00  Probe  
  17  1:11  Pylon  
  17  1:17  Probe  
  18  1:29  Photon Cannon  
  18  1:32  Photon Cannon  
  18  1:38  Photon Cannon  
  18  1:53  Pylon  
  18  2:04  Pylon  
  18  2:06  Probe (Chrono Boost)  
  19  2:09  Assimilator  
  19  2:13  Assimilator  
  19  2:19  Cybernetics Core  
  19  2:21  Probe (Chrono Boost)  
  20  2:32  Probe  
  21  2:43  Pylon  
  21  2:44  Probe  
  22  2:57  Sentry  
  24  3:02  Photon Cannon  
  24  3:04  Probe (Chrono Boost)  
  26  3:13  Probe (Chrono Boost)  
  26  3:24  Stargate  
  26  3:30  Stalker (Chrono Boost)  
  28  3:39  Photon Cannon  
  28  3:52  Stalker  
  30  4:12  Nexus  
  30  4:18  Void Ray (Chrono Boost)  
  30  4:22  Stalker  
  37  4:31  Probe  
  37  4:43  Probe  
  38  4:55  Probe  
  39  5:01  Pylon  
  39  5:19  Assimilator, Void Ray  
  43  5:22  Assimilator  
  43  5:49  Stargate  
  43  5:50  Probe x2  
  43  5:53  Nexus  
  45  6:02  Probe x2  
  47  6:12  Stargate  
  47  6:14  Probe  
  48  6:22  Pylon  
  48  6:24  Probe  
  49  6:26  Probe  
  50  6:36  Probe  
  50  6:38  Probe, Phoenix  
  54  7:02  Phoenix x2  
Tags
 
Add a new tag
Caveats
  • Supply blocks, unpowered buildings, or Contaminate may cause inaccurate times.
  • Supply counts are checked every 10 seconds.